 Dungeon Crawl Stone Soup version 0.29-a0-275-g389c0b56f3 (webtiles) character file.

Game seed: 9751047108759071260

87 spaghetti the Sneak (level 4, -2/29 HPs)
             Began as an Octopode Brigand on Mar 11, 2022.
             Slain by an orc wizard
             ... wielding a +0 dagger
              (3 damage)
             ... on level 3 of the Dungeon.
             The game lasted 00:03:19 (1863 turns).

spaghetti the Sneak (Octopode Brigand)              Turns: 1863, Time: 00:03:20

Health: -2/29      AC:  1    Str: 10    XL:     4   Next: 51%
Magic:  4/4        EV: 12    Int: 13    God:
Gold:   203        SH:  0    Dex: 15    Spells: 3/3 levels left

rFire   . . .      SeeInvis .   m - +0 short sword (protect) {short}
rCold   . . .      Faith    .   (no shield)
rNeg    . . .      Spirit   .   (helmet restricted)
rPois   .          Reflect  .   (no amulet)
rElec   .          Harm     .   (no ring)
rCorr   .          Rampage  .   (no ring)
Will    .....                   (no ring)
Stlth   ++++......              (no ring)
HPRegen 0.09/turn               (no ring)
MPRegen 0.09/turn               (no ring)
                                (no ring)
                                (no ring)

@: flying
A: almost no armour, amphibious, 8 rings, camouflage 1, gelatinous body 1,
(nimble swimmer 1), tentacles
a: no special abilities


You were on level 3 of the Dungeon.
You visited 1 branch of the dungeon, and saw 3 of its levels.

You collected 203 gold pieces.


Innate Abilities, Weirdness & Mutations

You cannot wear most types of armour.
You are amphibious.
You can wear up to eight rings at the same time.
Your skin changes colour to match your surroundings (Stealth+).
Your rubbery body absorbs attacks. (AC +1, EV +1)
((You are camouflaged when in or above water. (Stealth+)))
You have tentacles for arms and can constrict up to eight enemies at once.


   Skills:
 - Level 2.0 Fighting
 + Level 4.0 Short Blades
 - Level 2.0 Throwing
 - Level 1.0 Dodging
 - Level 5.3 Stealth
 + Level 2.0 Summonings


You had 3 spell levels left.
You didn't know any spells.
Your spell library contained the following spells:

 Spells                   Type           Power      Damage    Failure   Level
 Summon Small Mammal      Summ           20%        N/A       14%         1
 Call Canine Familiar     Summ           5%         N/A       38%         3
 Summon Guardian Golem    Hex/Summ       2%         N/A       52%         3
 Conjure Flame            Conj/Fire      0%         6-21      67%         3
 Ignite Poison            Fire/Tmut/Pois 0%         N/A       67%         3
 Sticky Flame             Conj/Fire      0%         2d3       97%         4

Inventory:

Hand Weapons
 a - a +2 dagger {short}
 b - a +0 hunting sling {sling}
   (You found it on level 1 of the Dungeon)
 m - a +0 short sword of protection (weapon) {short}
   (You took it off a kobold on level 2 of the Dungeon)
Missiles
 c - 3 curare-tipped darts {=fthrowing}
 e - 94 stones {throwing}
 k - 2 poisoned darts (quivered) {throwing}
Jewellery
 l - a ring of fire
   (You found it on level 2 of the Dungeon)
Scrolls
 d - a scroll of holy word
 f - a scroll of vulnerability {!r!r}
 j - a scroll of teleportation {@r4}
Potions
 i - 2 potions of mutation {unknown}
 n - 2 potions of brilliance {unknown}
 o - a potion of haste {unknown}

Dungeon Overview and Level Annotations

Branches:
Dungeon (3/15)

Altars:

.########## #.#######,,,,,,,* .#
###.###,,,,,,,,,*** .#
#.....#,*****,*,*,* .# ******
#...#.#.#.#**,*,*,* .#
*,,,,#######†.......,*,,,*,, ##
*,,,,#.......#.#.#.#******,*
*,,,,..####..#.#.#,,,,,,**,,
*,,,,,,,,<#..#.#,#,****,***,
*,*,,,,**,#@.#.#,******,***,
******,,,,,,,*,#o...#,*,,,,*,*,,,
,,,,,,*****,,*,#)####,*,,,,,,*,,,
*****,*****,,**#)#* *,,,,,,***,,,
*,,,,,,,,,,.(.***,,,,,,**,,,,
##************##((,,,,,,,,,**,,,,
..,,,,,,,,,,,,,##..*,*,,,,,**,,,,
##******,,,,**,**#.*,*,,,,,******
*,,,,**,* *.#,*,,,,,,,*


You could see an orc.


Message History

No target in view!
No target in view!
No target in view!
You see here a bat corpse.
k - 7 poisoned darts {throwing} (gained 1)
k - 9 poisoned darts {throwing} (gained 2) 2 orc wizards and 2 orcs come into view.
There are monsters nearby!
There are monsters nearby!
You throw a poisoned dart {throwing}.
The poisoned dart {throwing} hits the orc.
The orc is poisoned.
The orc shouts! x2; The orc wizard shouts!
You throw a poisoned dart {throwing}.
The poisoned dart {throwing} hits the orc.
The orc looks even sicker.
The orc wizard shouts!
You throw a poisoned dart {throwing}.
The poisoned dart {throwing} barely misses the orc.
The orc wizard mumbles some strange words.
The orc wizard flickers and vanishes!
Deactivating autopickup; reactivate with Ctrl-A.
An orc comes into view. It is wielding a +0 short sword.
The orc shouts!
You hit the orc but do no damage.
Your weapon exudes an aura of protection.
Your grab misses the orc. You squeeze the orc.
You kill the orc!
The orc wizard gestures wildly while chanting.
The orc wizard flickers and vanishes!
You throw a poisoned dart {throwing}.
The poisoned dart {throwing} hits the orc.
The orc is poisoned.
You throw a poisoned dart {throwing}.
The poisoned dart {throwing} hits the orc.
The orc looks even sicker.
You throw a poisoned dart {throwing}. You throw a poisoned dart {throwing}.
The poisoned dart {throwing} hits the orc.
The orc looks even sicker.
You hear some strange, mumbled words.
You are confused.
You are too confused!
You are too confused!
You are too confused!
You bump into the rock wall.
You hear some strange, mumbled words.
You are more confused.
Unknown command.
You bump into the rock wall.
You hear some strange, mumbled words.
A magic dart appears from out of thin air!
The magic dart hits you! 😕 HP[-7]
You take 7 damage, and now have 22/29 hp.
MASSIVE DAMAGE!! (PAUSE) Unknown command.
Unknown command.
Something hits you. 😮 HP[-3]
You take 3 damage, and now have 19/29 hp.
Unknown command.
You're too confused to move!
You kill the orc!
Your Summonings skill increases to level 2!
Something hits you. 😮 HP[-4]
You take 4 damage, and now have 15/29 hp.
You miss something. 😮 HP[+1]
Something hits you.
You hear some strange, mumbled words. 😮 HP[-1]
You take 1 damage, and now have 15/29 hp.
The orc closely misses you. Something hits you.
* * * LOW HITPOINT WARNING * * *
😨 HP[-2]
You take 2 damage, and now have 13/29 hp.
You're too confused to move!
The orc hits you with a +0 short sword.
* * * LOW HITPOINT WARNING * * *
😨 HP[-5]
You take 5 damage, and now have 8/29 hp.
It was a potion of cancellation.
Your magical effects are unravelling.
You feel magically purged.
You feel less confused. The orc hits you with a +0 short sword.
* * * LOW HITPOINT WARNING * * *
Something hits you.
* * * LOW HITPOINT WARNING * * *
Something hits you.
* * * LOW HITPOINT WARNING * * *
😱 HP[-7]
You take 7 damage, and now have 1/29 hp.
MASSIVE DAMAGE!! (PAUSE) It was a potion of flight.
You feel very buoyant.
You fly up into the air.
The orc misses you. Something hits you.
You die...

Skill      XL: |  1  2  3  4 |
---------------+-------------+-----
Short Blades   | 3 4 |  4.0
Summonings     | 1 2 |  2.0
Fighting       | |  2.0
Throwing       | |  2.0
Dodging        | |  1.0
Stealth        | |  5.3

Action                   |  1- 3 |  4- 6 || total
-------------------------+-------+-------++-------
Melee: Dagger            |    49 |       ||    49
       Constrict         |    14 |     2 ||    16
       Tentacles         |    10 |     1 ||    11
       Short sword       |     1 |     9 ||    10
 Fire: Hunting sling     |    20 |       ||    20
Throw: Dart              |     6 |    20 ||    26
  Use: Scroll            |     4 |     4 ||     8
       Potion            |       |     2 ||     2
 Stab: Sleeping          |     8 |     1 ||     9
       Distracted        |     1 |       ||     1
Armor: Skin              |     3 |     1 ||     4
Dodge: Dodged            |    19 |     3 ||    22

Levels and vault maps discovered:
D:1:      scummos_arrival_simple_crosswalls, layout_loops_ring, st_stairs_2
D:2:      layout_loops_cross, ebering_ecumenical_altar_box,
          minmay_misc_feat_rows
D:3:      layout_basic, minivault_11

Notes
Turn   | Place    | Note
-------+----------+-------------------------------------------
     0 | D:1      | spaghetti the Octopode Brigand began the quest for the Orb.
     0 | D:1      | Reached XP level 1. HP: 14/14 MP: 1/1
     0 | D:1      | magus.rc [v1.9.6]
   278 | D:1      | Reached XP level 2. HP: 19/19 MP: 2/2
   292 | D:1      | You pick up a book of Callings and begin reading...
   292 | D:1      | You add the spells Summon Small Mammal, Call Canine
                  | Familiar and Summon Guardian Golem to your library.
   309 | D:1      | Reached skill level 3 in Short Blades
   651 | D:1      | Reached XP level 3. HP: 24/24 MP: 3/3
  1115 | D:2      | Reached skill level 1 in Summonings
  1323 | D:2      | Found a faded altar of an unknown god.
  1340 | D:2      | You add the spells Conjure Flame, Ignite Poison and Sticky
                  | Flame to your library.
  1354 | D:2      | Reached XP level 4. HP: 29/29 MP: 4/4
  1835 | D:3      | Reached skill level 4 in Short Blades
  1857 | D:3      | Reached skill level 2 in Summonings
  1862 | D:3      | HP: 3/29 [orc/+0 short sword (5)]
  1862 | D:3      | HP: 1/29 [something (1)]
  1863 | D:3      | Slain by an orc wizard

Vanquished Creatures
  A hound (D:2)
  A gnoll (D:1)
  A dart slug (D:1)
  3 orcs (D:3)
  3 endoplasms
  4 giant cockroaches
  5 goblins
  3 hobgoblins
  3 kobolds
  2 quokkas (D:1)
  7 ball pythons
  5 bats
  2 frilled lizards (D:1)
  3 rats (D:1)
43 creatures vanquished.

Table legend:
 A = Non-vault XP
 B = Vault XP
 C = Vault XP percentage of total XP
 D = Non-vault monster count
 E = Vault monster count
 F = Vault count percentage of total count
                 A         B        C        D         E       F
            +---------+---------+-------+---------+---------+-------
      Total |     122 |       3 |   2.4 |      41 |       2 |   4.7
            +---------+---------+-------+---------+---------+-------
        D:1 |      48 |       3 |   5.9 |      22 |       2 |   8.3
        D:2 |      60 |       0 |   0.0 |      13 |       0 |   0.0
        D:3 |      14 |       0 |   0.0 |       6 |       0 |   0.0
            +---------+---------+-------+---------+---------+-------

Illustrated notes

Table legend:
 A = Kills in this place as a percentage of kills in entire the game.
 B = Kills by you in this place as a percentage of kills by you in the entire game.
 C = Kills by friends in this place as a percentage of kills by friends in the entire game.
 D = Other kills in this place as a percentage of other kills in the entire game.
 E = Experience gained in this place as a percentage of experience gained in the entire game.
 F = Experience gained in this place divided by the number of levels of this place that you have seen.
                   A       B       C       D       E      F
               +-------+-------+-------+-------+-------+----------------------
         Total | 100.0 | 100.0 |   N/A |   N/A | 100.0 |  41.7
       Dungeon | 100.0 | 100.0 |   N/A |   N/A | 100.0 |  41.7
               +-------+-------+-------+-------+-------+----------------------

Table legend: (Time is in decaauts)
 A = Elapsed time spent in this place.
 B = Non-inter-level travel time spent in this place.
 C = Inter-level travel time spent in this place.
 D = Time resting spent in this place.
 E = Time spent auto-exploring this place.
 F = Levels seen in this place.
 G = Mean time per level.
                   A        B        C        D        E       F      G
               +--------+--------+--------+--------+--------+-----+--------+
         Total |   1857 |   1811 |     46 |    192 |   1312 |   3 |  619.0 |
       Dungeon |   1857 |   1811 |     46 |    192 |   1312 |   3 |  619.0 |
               +--------+--------+--------+--------+--------+-----+--------+

Top non-repeatable levels by time:
     D:1: 1028 daAuts
     D:2: 667 daAuts
     D:3: 161 daAuts
